Map: Catalyst LE

Players

RiSky - Winner!

  • Race: Zerg Zerg
  • Spawn Location: 5:00

Rommeo

  • Race: Zerg Zerg
  • Spawn Location: 11:00

Event: WCS Valencia 2018

VOD

Have the link to the VOD?

Description

Time

  • Played on: July 12, 2018, 7:12 a.m.
  • Length: 5:47

All games in this series

Show
View Real Time Build Order
Export as new Build Order

RiSky Zerg - Winner!

Build Orders: Pool First 

Get SALT Encoding   

  12  0:18  Spawning Pool  
  11  0:22  Drone  
  11  0:26  Drone  
  13  0:32  Drone  
  14  0:40  Overlord  
  14  1:05  Zergling x6  
  17  1:16  Zergling x2  
  18  1:18  Hatchery  
  17  1:27  Zergling x2  
  18  1:33  Queen  
  18  1:37  Zergling x2  
  21  1:48  Overlord  
  21  2:00  Drone  
  22  2:09  Queen  
  23  2:15  Drone  
  23  2:20  Extractor  
  23  2:21  Drone  
  24  2:30  Drone  
  26  2:38  Drone  
  26  2:41  Drone  
  26  2:44  Drone  
  27  2:48  Drone  
  27  2:49  Spine Crawler, Drone x2  
  27  2:53  Drone  
  27  2:57  Drone  
  29  3:04  Drone  
  30  3:07  Overlord  
  30  3:19  Zergling x4  
  32  3:23  Queen  
  32  3:27  Metabolic Boost  
  34  3:33  Zergling x2  
  34  3:34  Zergling x2  
  36  3:36  Zergling x2  
  37  3:44  Spine Crawler  
  37  3:46  Queen  
  38  3:59  Queen  
  38  4:18  Overlord  
  38  4:22  Baneling Nest, Queen  
  39  4:27  Zergling x4  
  39  4:32  Zergling x4  
  42  4:44  Zergling x10  
  45  4:48  Zergling x6  
  48  4:54  Overlord  
  48  4:59  Overlord  
  46  5:10  Queen x2  
  47  5:15  Baneling x2  
  47  5:18  Zergling x4  
  49  5:22  Zergling x4  
  49  5:25  Zergling x2  
Show
View Real Time Build Order
Export as new Build Order

Rommeo Zerg 

Build Orders: Hatch First, Zergling Baneling 

Get SALT Encoding   

  12  0:01  Drone  
  13  0:13  Overlord  
  13  0:17  Drone  
  14  0:31  Drone x2  
  16  0:35  Drone  
  17  0:53  Hatchery  
  17  0:55  Drone  
  17  0:59  Drone  
  18  1:11  Extractor  
  17  1:14  Spawning Pool  
  17  1:17  Drone  
  17  1:20  Drone  
  18  1:29  Drone  
  19  1:43  Overlord  
  19  1:54  Drone  
  20  2:01  Zergling x2  
  17  2:16  Zergling x2  
  17  2:17  Zergling x4  
  17  2:22  Zergling x2  
  19  2:27  Metabolic Boost  
  21  2:44  Drone x2  
  21  2:52  Baneling Nest  
  21  2:56  Zergling x4  
  22  3:09  Zergling x4  
  24  3:39  Baneling  
  24  3:40  Baneling x2  
  24  3:43  Hatchery  
  23  3:51  Zergling x4  
  24  4:17  Zergling x6  
  25  4:29  Zergling x2  
  21  4:41  Baneling  
  21  4:42  Baneling x5  
  21  4:44  Queen  
  23  4:46  Zergling x2  
  23  4:51  Zergling x2  
  20  5:15  Zergling x8  
Tags
 
Add a new tag
Caveats
  • Supply blocks, unpowered buildings, or Contaminate may cause inaccurate times.
  • Supply counts are checked every 10 seconds.